 Dungeon Crawl Stone Soup version 0.29-a0-414-g5075937ec3 (webtiles) character file.

Game seed: 6725353287964942731

265 purpskrrrp the Sneak (level 6, 0/52 HPs)
             Began as a Hill Orc Delver on May 15, 2022.
             Was a Follower of Dithmenos.
             Slain by a gnoll
             ... wielding a +0 flail
              (4 damage)
             ... on level 2 of the Dungeon.
             The game lasted 00:08:06 (1480 turns).

purpskrrrp the Sneak (Hill Orc Delver)              Turns: 1480, Time: 00:08:06

Health: 0/52       AC:  6    Str: 17    XL:     6   Next: 20%
Magic:  6/6        EV: 12    Int: 10    God:    Dithmenos [*.....]
Gold:   47         SH:  0    Dex: 12    Spells: 5/5 levels left

rFire   . . .      SeeInvis .   o - +0 flail (holy)
rCold   . . .      Faith    .   (no shield)
rNeg    . . .      Spirit   .   b - +0 leather armour
rPois   .          Reflect  .   (no helmet)
rElec   .          Harm     .   q - +0 cloak
rCorr   .          Rampage  .   v - +1 pair of gloves
Will    +....                   (no boots)
Stlth   +++.......              (no amulet)
HPRegen 0.17/turn               r - ring of willpower
MPRegen 0.10/turn               (no ring)

@: wreathed by umbra
A: no striking features
a: Renounce Religion


You were on level 2 of the Dungeon.
You worshipped Dithmenos.
Dithmenos was aware of your devotion.
You visited 1 branch of the dungeon, and saw 4 of its levels.

You collected 47 gold pieces.

Inventory:

Hand Weapons
 a - a +0 hand axe
 e - a +0 quarterstaff
 o - a +0 flail of holy wrath (weapon)
Missiles
 n - 2 poisoned darts (quivered)
Armour
 b - a +0 leather armour (worn)
 i - a +1 pair of gloves
 q - a +0 cloak (worn)
 v - a +1 pair of gloves (worn)
Jewellery
 r - a ring of willpower (left hand)
Wands
 g - a wand of digging (3)
Scrolls
 c - a scroll of fog
 d - 2 scrolls of magic mapping
 h - 3 scrolls of teleportation
 j - a scroll of amnesia {unknown}
 k - a scroll of identify {unknown}
 p - a scroll of poison {unknown}
 u - a scroll of blinking {unknown}
 x - a scroll of enchant weapon {unknown}
Potions
 f - 2 potions of might {unknown}
 l - 2 potions of lignification {unknown}
 m - 2 potions of curing {unknown}
 s - a potion of berserk rage {unknown}
 t - 2 potions of flight {unknown}
 w - a potion of invisibility {unknown}


   Skills:
 + Level 4.3 Fighting
 + Level 3.8(4.3) Axes
 + Level 2.3(3.1) Maces & Flails
 + Level 1.5 Armour
 + Level 2.1 Dodging
 + Level 5.4 Stealth


You had 5 spell levels left.
You didn't know any spells.
Your spell library contained the following spells:

 Spells                   Type           Power      Damage    Failure   Level
 Animate Skeleton         Necr           0%         N/A       41%         1
 Pain                     Necr           0%         1d4       41%         1
 Corpse Rot               Necr/Air       0%         N/A       56%         2
 Poisonous Vapours        Pois/Air       0%         N/A       56%         2
 Vampiric Draining        Necr           0%         2d6       80%         3


Dungeon Overview and Level Annotations

Branches:
Dungeon (5/15)
 Temple: D:4-7

Altars:
Dithmenos

Annotations:
D:5 Prince Ribbit


Message History

The gnoll is severely wounded.
The gnoll closely misses you. x2; The gnoll barely misses you.
The gnoll hits you with a +0 flail! The gnoll closely misses you.
The gnoll hits you with a +0 flail.
You hit the gnoll.
The gnoll is almost dead.
The gnoll barely misses you. The gnoll hits you with a +0 flail.
The gnoll hits you with a +0 flail!
You barely miss the gnoll.
The gnoll is almost dead.
The gnoll hits you with a +0 spear. The gnoll closely misses you.
The gnoll hits you with a +0 flail.
You hit the gnoll.
You kill the gnoll!
Dithmenos accepts your kill. The gnoll barely misses you.
The gnoll hits you with a +0 flail. The gnoll attacks as you move away!
The gnoll closely misses you. The gnoll barely misses you.
You see here a +0 spear.
You hit the gnoll.
The gnoll is lightly wounded.
The gnoll hits you with a +0 flail. The gnoll barely misses you.
The gnoll closely misses you. The gnoll barely misses you.
You hit the gnoll. You punch the gnoll.
The gnoll is severely wounded.
The gnoll hits you with a +0 flail.
* * * LOW HITPOINT WARNING * * *
The gnoll hits you with a +0 flail.
* * * LOW HITPOINT WARNING * * *
You sock the gnoll!
You kill the gnoll!
Dithmenos accepts your kill. The gnoll barely misses you.
The gnoll hits you with a +0 flail.
* * * LOW HITPOINT WARNING * * *
Things that are here:
a +0 flail; a gnoll corpse
As you read the scroll of fog, it crumbles to dust.
The scroll dissolves into smoke.
The gnoll hits you with a +0 flail.
You die...

########.### #.#
#........# #.####
#........#
#####.#...
#........#
#.........
#........#
#.........
#........#
#....(....
#.....§..#
#.........
######§g§#
#......### #@§§#
##......###
+§§...............
#?§..#######...###
####.# #####...#
...........#
#..........#
..........###
............
...........


You could see a gnoll.

Vanquished Creatures
  Grinder (D:3)
  2 gnolls (D:2)
  An adder (D:2)
  3 worms (D:2)
  2 orcs (D:3)
  5 endoplasms
  A giant cockroach (D:3)
  3 goblins
  2 hobgoblins (D:2)
  2 kobolds (D:2)
  2 quokkas
  3 ball pythons
  4 bats
  5 frilled lizards
  A rat (D:2)
37 creatures vanquished.

Notes
Turn   | Place    | Note
-------+----------+-------------------------------------------
     0 | D:5      | purpskrrrp the Hill Orc Delver began the quest for the Orb.
     0 | D:5      | Reached XP level 1. HP: 19/19 MP: 1/1
    15 | D:5      | Found a shadowy altar of Dithmenos.
    28 | D:5      | Became a worshipper of Dithmenos the Shadowed
    78 | D:5      | Noticed Prince Ribbit
   456 | D:3      | Reached XP level 2. HP: 26/26 MP: 2/2
   496 | D:3      | Noticed Grinder
   526 | D:3      | Paralysed by Grinder for 3 turns
   533 | D:3      | Killed Grinder
   534 | D:3      | Reached skill level 1 in Maces & Flails
   534 | D:3      | Reached skill level 1 in Armour
   534 | D:3      | Reached skill level 5 in Stealth
   534 | D:3      | Reached XP level 3. HP: 22/33 MP: 3/3
   534 | D:3      | Reached XP level 4. HP: 27/40 MP: 4/4
   534 | D:3      | Reached XP level 5. HP: 31/46 MP: 5/5
   786 | D:3      | Noticed an ogre
   983 | D:2      | Reached XP level 6. HP: 24/52 MP: 6/6
  1005 | D:2      | Reached * piety under Dithmenos
  1480 | D:2      | Slain by a gnoll

Illustrated notes

Levels and vault maps discovered:
D:2:      layout_basic, nicolae_elevator_lobby_plus
D:3:      layout_loops_ring, minmay_between, uniq_grinder
D:4:      layout_loops_cross
D:5:      layout_loops_ring, mainiacjoe_overflow_boulevard, uniq_sigmund,
          uniq_prince_ribbit1

Skill      XL: |  1  2  3  4  5 |
---------------+----------------+-----
Axes           | 3 |  3.8
Fighting       | 4 |  4.3
Maces & Flails | 1 2 |  2.3
Armour         | 1 |  1.5
Dodging        | 2 |  2.1
Stealth        | 5 |  5.4

Action                   |  1- 3 |  4- 6 || total
-------------------------+-------+-------++-------
Melee: Hand axe          |    14 |       ||    14
       Flail             |    16 |   140 ||   156
       Punch             |       |     1 ||     1
  Use: Scroll            |     1 |     2 ||     3
       Potion            |     1 |       ||     1
 Stab: Sleeping          |     2 |     7 ||     9
Armor: Leather armour    |    11 |    74 ||    85
Dodge: Dodged            |    16 |   151 ||   167

Table legend: (Time is in decaauts)
 A = Elapsed time spent in this place.
 B = Non-inter-level travel time spent in this place.
 C = Inter-level travel time spent in this place.
 D = Time resting spent in this place.
 E = Time spent auto-exploring this place.
 F = Levels seen in this place.
 G = Mean time per level.
                   A        B        C        D        E       F      G
               +--------+--------+--------+--------+--------+-----+--------+
         Total |   1504 |   1265 |    239 |    357 |    458 |   4 |  376.0 |
       Dungeon |   1504 |   1265 |    239 |    357 |    458 |   4 |  376.0 |
               +--------+--------+--------+--------+--------+-----+--------+

Top non-repeatable levels by time:
     D:2: 713 daAuts
     D:3: 448 daAuts
     D:4: 235 daAuts
     D:5: 108 daAuts
